 Dungeon Crawl Stone Soup version 0.31-a0-219-g8d62b2e7bb (webtiles) character file.

Game seed: 12532567987322086746

7 Maxmaps the Caller (level 1, 0/15 HPs)
             Began as a Demonspawn Summoner on July 3, 2023.
             Slain by a giant cockroach (2 damage)
             ... on level 1 of the Dungeon.
             The game lasted 00:00:30 (203 turns).

Maxmaps the Caller (Demonspawn Summoner)             Turns: 203, Time: 00:00:31

Health: 0/15       AC:  2    Str:  8    XL:     1   Next: 83%
Magic:  1/3        EV: 12    Int: 16    God:
Gold:   0          SH:  0    Dex: 13    Spells: 3/4 levels left

rFire   . . .        c - +0 spear
rCold   . . .        (no shield)
rNeg    . . .        a - +0 robe
rPois   .            (no helmet)
rElec   .            (no cloak)
rCorr   .            (no gloves)
SInv    .            (no boots)
Will    .....        (no amulet)
Stlth   ++           (no ring)
HPRegen 0.22/turn    (no ring)
MPRegen 0.08/turn

%: no passive effects
@: no status effects
A: no striking features
a: no special abilities


You were on level 1 of the Dungeon.
You visited 1 branch of the dungeon, and saw 1 of its levels.

Inventory:

Hand Weapons
 c - a +0 spear (weapon)
Armour
 a - a +0 robe (worn)
Potions
 b - a potion of magic


   Skills:
 + Level 1.5 Fighting
 - Level 1.7 Dodging
 - Level 1.7 Stealth
 - Level 2.0 Spellcasting
 - Level 4.0 Summonings


You had 3 spell levels left.
You knew the following spells:

 Your Spells              Type           Power      Damage    Failure   Level
a - Summon Small Mammal   Summ           56%        N/A       4%          1

Your spell library contained the following spells:

 Spells                   Type           Power      Damage    Failure   Level
 Call Imp                 Summ           28%        N/A       6%          2
 Call Canine Familiar     Summ           14%        N/A       12%         3
 Summon Guardian Golem    Hex/Summ       8%         N/A       26%         3
 Summon Lightning Spire   Summ/Air       8%         N/A       65%         4


Dungeon Overview and Level Annotations

Branches:
Dungeon (1/15)

Altars:


Message History

Unknown command.
You are too injured to fight recklessly!
You hit the dart slug.
The dart slug is moderately wounded.
Your bat hits the rat but does no damage.
The rat closely misses you.
The giant cockroach bites you but does no damage.
The dart slug launches a dart at you. The slug dart misses you.
You hit the dart slug.
The dart slug is severely wounded.
Your bat hits the rat. The rat closely misses your bat.
The giant cockroach misses you. The dart slug bites you.
You hit the dart slug.
You kill the dart slug!
Your bat hits the rat.
The rat dies!
The giant cockroach bites you. The giant cockroach closely misses you.
Casting: Summon Small Mammal (safe; 4% risk of failure)
Confirm with . or Enter, or press ? or * to list all spells.
Your bat hits the giant cockroach. The giant cockroach bites you.
* * * LOW HITPOINT WARNING * * *
You barely miss the giant cockroach.
The giant cockroach is moderately wounded.
Your bat hits the giant cockroach.
The giant cockroach bites you but does no damage.
Your bat closely misses the giant cockroach.
You hit the giant cockroach but do no damage.
The giant cockroach is heavily wounded.
Your bat hits the giant cockroach but does no damage. x2
Your bat barely misses the giant cockroach.
The giant cockroach bites you.
* * * LOW HITPOINT WARNING * * *
Your bat hits the giant cockroach but does no damage.
The giant cockroach bites you.
* * * LOW HITPOINT WARNING * * *
You closely miss the giant cockroach.
The giant cockroach is heavily wounded.
Your bat hits the giant cockroach. The giant cockroach bites you.
You die...

..####.
##......##..
.......
...........#
......#
..$........ .J...
# ..........#
.... ..........##
... ##...?.....
.. ......bB.# #
......)@b#
......##.#####
#.## .....
#.....###..# ....
#####...##.######
... ###.........#
..
#######....#....#
.
.........#...#...
########...#..).#
#.#...#..#


You could see a giant cockroach (ally target) and 2 friendly bats.

Vanquished Creatures
  A dart slug (D:1)
  A ball python (D:1)
  An endoplasm (D:1)
  A kobold (D:1)
4 creatures vanquished.

Vanquished Creatures (collateral kills)
  A rat (D:1)
1 creature vanquished.

Grand Total: 5 creatures vanquished

Notes
Turn   | Place    | Note
-------+----------+-------------------------------------------
     0 | D:1      | Maxmaps the Demonspawn Summoner began the quest for the
                  | Orb.
     0 | D:1      | Reached XP level 1. HP: 13/13 MP: 3/3
   189 | D:1      | Reached skill level 1 in Fighting
   203 | D:1      | Slain by a giant cockroach

Illustrated notes

Levels and vault maps discovered:
D:1:      nicolae_arrival_washed_ashore, layout_rooms, serial_shops, shop,
          hellmonk_ecumenical_altar_lost_god, hex_tiny, minmay_surrounded

Skill      XL: |  1 |
---------------+----+-----
Fighting       | 1 |  1.5
Dodging        | |  1.7
Stealth        | |  1.7
Spellcasting   | |  2.0
Summonings     | |  4.0

Action                     || total
---------------------------++-------
  Melee: Spear             ||    27
   Cast: Summon Small Mamm ||     5
 Armour: Robe              ||     7
  Dodge: Dodged            ||    28

Table legend: (Time is in decaauts)
 A = Elapsed time spent in this place.
 B = Non-inter-level travel time spent in this place.
 C = Inter-level travel time spent in this place.
 D = Time resting spent in this place.
 E = Time spent auto-exploring this place.
 F = Levels seen in this place.
 G = Mean time per level.
                   A        B        C        D        E       F      G
               +--------+--------+--------+--------+--------+-----+--------+
         Total |    205 |    200 |      5 |     56 |     86 |   1 |  205.0 |
       Dungeon |    205 |    200 |      5 |     56 |     86 |   1 |  205.0 |
               +--------+--------+--------+--------+--------+-----+--------+

Top non-repeatable levels by time:
     D:1: 205 daAuts
